 Dungeon Crawl Stone Soup version 0.19.5 (webtiles) character file.

76 galech the Skirmisher (level 4, -2/49 HPs)
             Began as an Ogre Fighter on Mar 1, 2017.
             Slain by Natasha (5 damage)
             ... on level 2 of the Dungeon.
             The game lasted 00:03:07 (1755 turns).

galech the Skirmisher (Ogre Fighter)                Turns: 1755, Time: 00:03:08

Health: -2/49      AC:  6    Str: 22    XL:     4   Next: 32%
Magic:  4/4        EV:  8    Int:  7    God:
Gold:   87         SH:  9    Dex:  9    Spells: 0 memorised, 3 levels left

rFire  . . .     SeeInvis .     p - -3 mace (curse)
rCold  . . .     Gourm    .     b - +0 robe
rNeg   . . .     Faith    .     c - +1 shield
rPois  .         Spirit   .     (helmet restricted)
rElec  .         Reflect  .     m - +2 cloak
rCorr  .         Harm     .     (gloves unavailable)
MR     .....                    (boots unavailable)
Stlth  +.........               q - amulet of inaccuracy (curse)
                                (no ring)
                                (no ring)

@: no status effects
A: unfitting armour, tough skin 1
a: no special abilities


You were on level 2 of the Dungeon.
You were not hungry.

You visited 1 branch of the dungeon, and saw 3 of its levels.

You collected 87 gold pieces.

Inventory:

Hand Weapons
 a - a +0 flail
 p - a cursed -3 mace (weapon)
Armour
 b - a +0 robe (worn)
 c - a +1 shield (worn)
 m - a +2 cloak (worn)
Jewellery
 q - a cursed amulet of inaccuracy (around neck)
Scrolls
 e - a scroll of identify
 i - a scroll of amnesia
 r - a scroll of enchant armour
Potions
 d - a potion of might
 g - a potion of haste
 j - 2 potions of curing
 k - a potion of magic {unknown}
 l - a potion of mutation {unknown}
 n - 2 potions of lignification {unknown}
Comestibles
 f - a bread ration
 h - 2 meat rations
 o - 2 chunks of flesh


   Skills:
 + Level 4.6 Fighting
 + Level 3.6 Maces & Flails
 + Level 3.2 Dodging
 + Level 0.2 Stealth
 + Level 3.2 Shields


You had 3 spell levels left.
You didn't know any spells.

Dungeon Overview and Level Annotations

Branches:
Dungeon (3/15)

Altars:
The Shining One

Annotations:
D:2 Natasha


Innate Abilities, Weirdness & Mutations

You are too large for most types of armour.
You have tough skin. (AC +1)


Message History

You barely miss Natasha. You block Natasha's attack.
You barely miss Natasha. You block Natasha's attack.
You closely miss Natasha. Natasha casts a spell at you.
The magic dart hits you!
* * * LOW HITPOINT WARNING * * *
You closely miss Natasha.
Natasha stares at you and mumbles some strange words.
You resist with some effort. Natasha closely misses you.
You closely miss Natasha. You block Natasha's attack.
You closely miss Natasha.
Natasha stares at you and mumbles some strange words.
The magic dart hits you!
* * * LOW HITPOINT WARNING * * *
You hit Natasha but do no damage. You block Natasha's attack.
Natasha barely misses you.
You hit Natasha but do no damage. Natasha claws you but does no damage.
You closely miss Natasha. You block Natasha's attack.
You closely miss Natasha. You block Natasha's attack. Natasha claws you.
You die...

#.########.##########
#########.###......####### #
#..........##............####
#............................
#..........#######.#####.###.
#..........#.###########.# #.
#..........#...........#.###'
##..........#.#########.#.#...
#.........>.'@h.....###.#.#...
#....)....รท.#.#####..##.#.#...
######...####.##.....##.#.###+
##....# #.##.###..#.#.# #.
#.....# ##+##'###..#.#.# #.
###....## #......##....#.# #.
#......# #......##.#..#.###.
#....### #......##.#<.#.....
#...## #......##.##.#####.


You could see Natasha.

Vanquished Creatures
  Natasha (D:2)
  2 adders (D:2)
  A worm (D:2)
  2 leopard geckos
  4 bats
  6 goblins
  A hobgoblin (D:2)
  A jackal (D:2)
  A quokka (D:2)
  A frilled lizard (D:1)
  3 kobolds (D:2)
  8 rats
31 creatures vanquished.

Notes
Turn   | Place    | Note
-------+----------+-------------------------------------------
     0 | D:1      | galech the Ogre Fighter began the quest for the Orb.
     0 | D:1      | Reached XP level 1. HP: 24/24 MP: 1/1
   183 | D:1      | Reached XP level 2. HP: 31/33 MP: 2/2
   678 | D:2      | Reached XP level 3. HP: 40/40 MP: 3/3
   879 | D:2      | Found a glowing golden altar of the Shining One.
  1399 | D:3      | Noticed Natasha
  1672 | D:2      | Killed Natasha
  1672 | D:2      | Reached XP level 4. HP: 14/49 MP: 4/4
  1737 | D:2      | Noticed Natasha
  1751 | D:2      | HP: 2/49 [Natasha/magic dart (2)]
  1755 | D:2      | Slain by Natasha

Skill      XL: |  1  2  3 |
---------------+----------+-----
Dodging        | 3 |  3.2
Shields        | 3 |  3.2
Maces & Flails | 3 |  3.6
Fighting       | |  4.6
Stealth        | |  0.2

Action                   |  1- 3 |  4- 6 || total
-------------------------+-------+-------++-------
Melee: Flail             |    29 |       ||    29
       Mace              |   113 |    16 ||   129
  Use: Scroll            |     5 |       ||     5
 Stab: Sleeping          |     1 |       ||     1
  Eat: Chunk             |     3 |       ||     3
Armor: Robe              |    56 |     3 ||    59
Dodge: Dodged            |    54 |     4 ||    58
Block: Shield            |    58 |     7 ||    65
